 Dungeon Crawl Stone Soup version 0.30.1-9-gdf580d7c3d (webtiles) character file.

Game seed: 12304761127281074050

1567989 Crehl the Impregnable (level 27, 240/264 HPs)
             Began as a Minotaur Berserker on Oct 8, 2023.
             Was a High Priest of Trog.
             Escaped with the Orb
             ... and 3 runes on Oct 13, 2023!
             The game lasted 07:37:34 (83738 turns).

Crehl the Impregnable (Minotaur Berserker)         Turns: 83738, Time: 07:37:35

Health: 240/264    AC: 46    Str: 29    XL:     27
Magic:  7/7        EV: 21    Int: 13    God:    Trog [*****.]
Gold:   5324       SH: 37    Dex: 24    Spells: 26/26 levels left

rFire   + + +        Q - +9 demon whip (antimagic)
rCold   + . .        S - +6 tower shield {rF+}
rNeg    + . .        h - +8 orange crystal plate armour {Archmagi, Int+3 Clar}
rPois   +            T - +2 hat
rElec   .            n - scarf "Plog" {rC+ rF+, Will+}
rCorr   .            X - +2 pair of gloves {Dex+3}
SInv    +            A - +0 pair of boots "Boedomaw" {rC+ rN+ Int+3 SInv}
Will    ++++.        f - amulet "Tayraofe" {Reflect rC+ Will+ SH+5} Stlth
                     G - ring "Saenir" {Fire Str+4 Stlth+}
HPRegen 0.64/turn    y - ring of the Ten Ultimatums {rPois Int+3}
MPRegen 0.10/turn

%: reflection, clarity, archmagi
@: studying 3 skills
A: horns 2, retaliatory headbutt, cold vulnerability 1
0: Orb of Zot
}: 3/15 runes: decaying, serpentine, silver
a: Renounce Religion, Berserk, Trog's Hand, Brothers in Arms


You escaped.
You worshipped Trog.
Trog was extremely pleased with you.
You visited 11 branches of the dungeon, and saw 51 of its levels.
You visited the Abyss 2 times.
You also visited: Ossuary, Wizlab and Desolation.

You collected 8468 gold pieces.
You spent 3144 gold pieces at shops.

Inventory:

Hand Weapons
 e - the +7 eveningstar of Instinct {drain, Dex+4}
   (You acquired it on level 11 of the Dungeon)

   Dex:       It affects your dexterity (+4).
 M - the +12 broad axe "Kodgh" {venom, rPois rC+ Will++}
   (You took it off a yaktaur captain on level 5 of the Vaults)

   rC:        It protects you from cold.
   rPois:     It protects you from poison.
   Will:      It greatly increases your willpower.
 O - the +7 war axe "Hell-Harrower" {heavy, +Blink rF+ Str+4}
   (Trog gifted it to you on level 5 of the Realm of Zot)

   Str:       It affects your strength (+4).
   rF:        It protects you from fire.
   +Blink:    It lets you blink.
 Q - a +9 antimagic demon whip (weapon)
Missiles
 F - 26 javelins (quivered)
 P - 12 silver javelins
 U - 10 curare-tipped darts
Armour
 h - the +8 orange crystal plate armour (worn) {Archmagi, Int+3 Clar}
   (You found it on level 3 of the Snake Pit)

   Int:       It affects your intelligence (+3).
   Clar:      It protects you from confusion, rage, mesmerisation and fear.
 n - the scarf "Plog" (worn) {rC+ rF+, Will+}
   (You acquired it in the Ecumenical Temple)

   Will:      It increases your willpower.
 A - the +0 pair of boots "Boedomaw" (worn) {rC+ rN+ Int+3 SInv}
   (You acquired it in the Ecumenical Temple)

   Int:       It affects your intelligence (+3).
   rC:        It protects you from cold.
   rN:        It protects you from negative energy.
   SInv:      It lets you see invisible.
 S - a +6 tower shield of fire resistance (worn)
 T - a +2 hat (worn)
 X - a +2 pair of gloves of dexterity (worn)
Jewellery
 f - the amulet "Tayraofe" (around neck) {Reflect rC+ Will+ SH+5}
   (You took it off a deep elf zephyrmancer on level 3 of the Elven Halls)

   [amulet of reflection]

   It reflects blocked missile attacks.
   rC:        It protects you from cold.
   SH:        It affects your SH (+5).
   Will:      It increases your willpower.
 w - a ring of resist corrosion
 y - the ring of the Ten Ultimatums (right hand) {rPois Int+3}
   (You found it on level 14 of the Dungeon)

   [ring of poison resistance]

   Int:       It affects your intelligence (+3).
   rPois:     It protects you from poison.
 C - a +6 ring of intelligence
 G - the ring "Saenir" (left hand) {Fire Str+4 Stlth+}
   (You found it on level 3 of the Depths)

   [ring of fire]

   It enhances your fire magic.
   Str:       It affects your strength (+4).
   rF:        It protects you from fire.
   rC:        It makes you vulnerable to cold.
   Stlth:     It makes you more stealthy.
 L - an amulet of faith
Wands
 l - a wand of iceblast (43)
 m - a wand of flame (78)
 x - a wand of paralysis (54)
 H - a wand of mindburst (40)
 N - a wand of digging (22)
 W - a wand of polymorph (31)
 Y - a wand of light (20)
Scrolls
 a - 10 scrolls of fear
 g - 9 scrolls of poison
 j - 5 scrolls of magic mapping
 o - a scroll of enchant weapon
 u - 10 scrolls of vulnerability
 D - 4 scrolls of blinking
 E - 3 scrolls of butterflies
 I - 19 scrolls of fog
 V - 36 scrolls of teleportation
Potions
 b - 11 potions of might
 d - 14 potions of flight
 k - 26 potions of curing
 p - 2 potions of haste
 q - 4 potions of mutation
 s - 6 potions of resistance
 z - 6 potions of berserk rage
 B - 2 potions of magic
 J - 6 potions of invisibility
 K - a potion of cancellation
 R - 7 potions of heal wounds
 Z - 4 potions of ambrosia
Miscellaneous
 c - a lightning rod (4/4)
 i - a phial of floods
 r - a condenser vane
 t - a box of beasts
 v - a phantom mirror


   Skills:
 + Level 24.4 Fighting
 * Level 14.8(21.3) Axes
 - Level 24.4(25.8) Maces & Flails
 - Level 15.4 Throwing
 + Level 26.0 Armour
 - Level 20.8 Dodging
 + Level 23.0 Shields
 + Level 18.9 Evocations


You had 26 spell levels left.
You didn't know any spells.
Your spell library was empty.

Dungeon Overview and Level Annotations

Branches:
Dungeon (15/15)            Temple (1/1) D:7            Lair (5/5) D:9
  Swamp (4/4) Lair:3        Snake (4/4) Lair:3        Slime (0/5) Lair:5
    Orc (2/2) D:12            Elf (3/3) Orc:2        Vaults (5/5) D:14
  Crypt (3/3) Vaults:2       Tomb (0/3) Crypt:3      Depths (4/4) D:15
    Zot (5/5) Depths:4    Ossuary (visited)          WizLab (visited)
Desolation (visited)

Altars:
Ashenzari
Cheibriados
Dithmenos
Elyvilon
Fedhas
Gozag
Hepliaklqana
Kikubaaqudgha
Makhleb
Nemelex Xobeh
Okawaru
Qazlal
Ru
Sif Muna
Trog
Uskayaw
Vehumet
Wu Jian
Xom
Yredelemnul
Zin
The Shining One
Jiyva

Shops:
D:2 [   D:9 *   D:14 (   Orc:1 (   Orc:2 *:(*[   Elf:2 :   Elf:3 !   Snake:1 *
Vaults:1 *   Vaults:2 [   Vaults:5 ?!   Depths:2 *

Portals:
Hell: Lair:5 Depths:1 Depths:2 Depths:3 Depths:4
Abyss: Depths:3
Pandemonium: Depths:2
Ziggurat: Depths:4
Trove: Depths:3 (give +6 demon blade)

Annotations:
Swamp:4 1 runed translucent door
Elf:2 8 runed translucent doors, Henri's ghost, adept GrFi
Crypt:2 1 runed translucent door, Xenat's ghost, veteran MiGl
Zot:1 2 transporters, Beuseq's ghost, master GnFi
Zot:3 1 runed translucent door, Jofris Vesimp's ghost, legendary GnFE


Innate Abilities, Weirdness & Mutations

You have a pair of horns on your head.
You reflexively headbutt those who attack you in melee.
You are vulnerable to cold. (rC-)


Message History

You hear a grinding noise.
You hear a grinding noise.
You hear a grinding noise.
A red devil comes into view. It is wielding a +0 trident.
There is an open door here.
The cacodemon gestures at you. The bolt of energy misses you.
You hear a grinding noise.
A red devil comes into view.
It is wielding a +1 demon trident of venom.
You block the red devil's attack.
Blink to where?
Press: ? - help, Dir - move target
As you read the scroll of blinking, it crumbles to dust.
You climb upwards.
There is a stone staircase leading down here.
You feel much better.
Okay, then.
Your skin crawls.
You feel strong-willed.
(D) Dungeon (T) Temple (L) Lair (S) Swamp (P) Snake Pit (M) Slime Pits (O) Orcish Mines (E) Elven Halls (V) Vaults (C) Crypt (W) Tomb (U) Depths (H) Hell (Z) Zot
Where to? (Enter - D:1 @ (x,y), ? - help)
You feel the effects of Trog's Hand fading.
Your skin stops crawling.
You feel less strong-willed.
There is a stone staircase leading up here.
You climb upwards.
There is a stone staircase leading down here.
There is a stone staircase leading up here.
You climb upwards.
There is a stone staircase leading down here.
There is a stone staircase leading up here.
You climb upwards.
There is a stone staircase leading down here.
A chaos spawn comes into view.
The chaos spawn moves out of view.
There is an escape hatch in the floor here.
There is a staircase leading out of the dungeon here.
You have escaped!

###### #..>@#
#.#### #.# #.#
#.# #.# ###
##.#
..##########4.#
.....4.......##


There were no monsters in sight!

Vanquished Creatures
  2 dread liches
  9 orbs of fire (Zot:5)
  3 ancient liches
  A juggernaut (Depths:4)
  Sojobo (Vaults:5)
  The ghost of Onni the Wrestler, a veteran TrBe of Trog (Depths:3)
  Frederick (Vaults:3)
  Margery (Depths:4)
  4 Killer Klowns
  the Lernaean hydra (Swamp:4)
  Xtahua (Depths:4)
  Bai Suzhen (Vaults:5)
  A caustic shrike (shapeshifter) (Vaults:5)
  A curse toe (Zot:3)
  The ghost of Launloge the Wrestler, an adept TrCK of Xom (Depths:1)
  17 golden dragons
  A shard shrike zombie (Crypt:3)
  3 electric golems
  Jory (Crypt:3)
  22 tentacled monstrosities
  Zenata (Vaults:1)
  3 liches
  25 Orb Guardians (Zot:5)
  Mlioglotl (Snake:2)
  4 titans (Vaults:5)
  Asterion (Depths:2)
  6 quicksilver dragons
  A deep elf blademaster (Elf:3)
  A deep elf master archer (Elf:3)
  12 death cobs
  Gastronok (D:9)
  Agnes (D:15)
  11 shadow dragons
  9 tengu reavers
  13 sphinxes
  3 ancient champions
  9 storm dragons
  3 revenants
  12 nagarajas
  Roxanne (Elf:3)
  3 fenstrider witches (Swamp:4)
  6 fire giants
  4 draconian monks
  Aizul (Vaults:4)
  22 vault wardens
  5 deep elf sorcerers
  2 imperial myrmidons (Desolation)
  3 ghost moths
  A caustic shrike zombie (Crypt:1)
  8 frost giants
  Louise (Elf:2)
  2 draconian scorchers
  7 draconian shifters
  4 orc warlords
  A balrug (Depths:4)
  5 draconian stormcallers
  8 ghouls
  9 deep elf elementalists (Elf:3)
  3 demonspawn corrupters (WizLab)
  37 very ugly things
  3 draconian annihilators
  3 war gargoyles
  17 ironbound preservers
  A reaper (Crypt:2)
  2 spriggan defenders (Depths:4)
  13 vampire knights
  12 green draconians
  10 ironbound thunderhulks
  2 bunyips
  11 stone giants
  A rockslime zombie (Crypt:1)
  19 black draconians
  10 dire elephants
  7 deep elf annihilators
  11 white draconians
  2 eleionomae
  8 red draconians
  11 yellow draconians
  5 deep elf demonologists
  9 purple draconians
  3 halazid warlocks (Desolation)
  3 eidola
  3 spark wasps
  Snorg (Orc:2)
  2 blizzard demons
  4 deep elf death magi (Elf:3)
  10 ettins
  The ghost of Madon the Cleaver, a journeyman FoFi of Okawaru (D:9)
  A green death (WizLab)
  An entropy weaver (shapeshifter) (Vaults:5)
  A merfolk javelineer (WizLab)
  7 fire dragons
  A shambling mangrove (Swamp:3)
  3 crystal guardians
  7 deep elf high priests
  18 jiangshi
  3 entropy weavers
  The ghost of Zuvvirup the Thaumaturge, a journeyman GnEE of Hepliaklqana (D:9)
  Josephine (D:9)
  9 ice dragons
  13 ragged hierophants (Desolation)
  18 yaktaur captains
  5 great orbs of eyes
  4 salamander tyrants
  8 servants of whispers (Desolation)
  4 ghost crabs
  A catoblepas (Lair:5)
  2 ogre magi (Vaults:5)
  10 peacekeepers
  2 spriggan zombies (Crypt:3)
  A caustic shrike simulacrum (Depths:3)
  5 spriggan air magi
  A fenstrider witch zombie (Crypt:3)
  37 vault guards
  A hell beast (Depths:4)
  14 ironbound frosthearts
  2 rakshasas
  A fenstrider witch skeleton (Crypt:1)
  14 centaur warriors
  Erica (Orc:1)
  18 anacondas
  Erolcha (D:9)
  19 hydras
  17 dancing weapons
  3 boulder beetles
  9 two-headed ogres
  2 death knights
  4 tengu warriors
  13 alligators
  15 death yaks
  39 naga warriors
  4 spriggan berserkers
  4 deep troll shamans
  2 merfolk aquamancers (WizLab)
  6 deep troll earth magi
  A titan zombie (Crypt:3)
  15 hell knights
  4 orc high priests
  2 storm dragon zombies (Crypt:3)
  The ghost of ripuliukko the Thaumaturge, a journeyman GrEE (D:10)
  2 thrashing horrors (Abyss:2)
  The ghost of Quickbrownfox the Covert, a novice DsCj of Gozag (D:9)
  4 shock serpents
  11 deep elf knights
  7 naga sharpshooters
  3 soul eaters
  9 iron trolls
  14 vampire magi
  Urug (D:10)
  2 sun demons
  A shadow wraith (Crypt:3)
  A titan skeleton (Crypt:1)
  Sonja (Lair:2)
  7 salamander mystics
  2 skysharks
  11 skeletal warriors
  2 wretched stars (Abyss:2)
  6 goliath frogs
  An anaconda zombie (Crypt:2)
  7 large abominations
  10 deep elf archers
  A quicksilver dragon simulacrum (Depths:4)
  4 flayed ghosts
  A golden dragon zombie (Crypt:3)
  17 wizards
  4 glowing orange brains
  8 spriggan druids
  9 swamp dragons
  57 deep trolls
  A shadow dragon zombie (Crypt:3)
  7 naga ritualists
  19 ironbound convokers
  6 bog bodies
  13 lindwurms
  Pikel (D:7)
  22 deep elf pyromancers
  An iron giant skeleton (Crypt:1)
  12 necromancers
  8 orc knights
  5 harpies (Vaults:2)
  7 orc sorcerers
  20 phantasmal warriors
  2 wolf spiders
  11 cyclopes
  A will-o-the-wisp (Swamp:3)
  A human zombie (Vaults:4)
  23 deep elf zephyrmancers
  51 ugly things
  A wolf spider (shapeshifter) (D:14)
  12 mana vipers
  30 moths of wrath
  A fire giant zombie (Vaults:1)
  20 salamanders
  4 manticores
  17 naga magi
  3 worldbinders
  A centaur zombie (Crypt:3)
  An iron dragon skeleton (Crypt:2)
  26 elephants
  A sphinx skeleton (Vaults:1)
  38 black mambas
  3 smoke demons (Abyss:2)
  A molten gargoyle (Lair:1)
  17 vault sentinels
  A cane toad (shapeshifter) (Depths:4)
  An apocalypse crab (Abyss:2)
  4 torpor snails (Lair:4)
  A rust devil (D:9)
  13 guardian serpents
  3 orange demons (Lair:5)
  Psyche (D:9)
  22 cane toads
  2 centaur skeletons
  3 gargoyles
  10 unseen horrors
  A spark wasp simulacrum (Depths:3)
  A yaktaur (shapeshifter) (Elf:1)
  2 efreet
  8 komodo dragons
  50 yaktaurs
  A redback zombie (Crypt:2)
  4 rime drakes (Lair:5)
  2 tengu conjurers
  3 freezing wraiths
  An ancient zyme (Abyss:2)
  2 red devils
  16 trolls
  4 ice devils
  2 polar bears
  A pale draconian skeleton (Crypt:1)
  2 harpy zombies
  2 bloated husks
  2 golden dragon simulacra (Depths:3)
  2 hellwings
  9 tyrant leeches
  A death yak skeleton (Crypt:2)
  A shadow dragon simulacrum (Depths:3)
  4 meliai
  16 blink frogs
  A wolf spider simulacrum (D:13)
  Grinder (D:3)
  15 hornets
  A raiju (Abyss:2)
  A tengu simulacrum (Vaults:5)
  A snapping turtle (shapeshifter) (Vaults:5)
  A fire giant simulacrum (Depths:3)
  74 saltlings (Desolation)
  An iron dragon simulacrum (Depths:3)
  10 dream sheep
  4 centaur simulacra
  6 flying skulls
  2 jumping spiders
  14 spriggans
  A frost giant simulacrum (Vaults:5)
  3 wyverns
  25 vampires
  15 slime creatures
  A spriggan (shapeshifter) (Vaults:5)
  2 ynoxinuls (Abyss:2)
  A water elemental (Elf:1)
  11 wraiths
  46 yaks
  7 shadows
  2 air elementals
  An ice dragon skeleton (Crypt:2)
  2 fire elementals
  3 basilisks
  11 starcursed masses (Abyss:2)
  A steam dragon (D:9)
  21 vampire mosquitoes
  5 chaos spawn
  2 neqoxecs (Abyss:2)
  11 swamp worms
  2 redbacks (Vaults:3)
  5 wargs
  8 acid dragons
  53 nagas
  4 hell hounds (Lair:5)
  16 water moccasins
  An ogre skeleton (Vaults:1)
  A floating eye (WizLab)
  A sky beast (D:7)
  A cane toad skeleton (Crypt:1)
  8 swamp drakes
  A black bear (Lair:4)
  A glowing shapeshifter skeleton (Vaults:4)
  34 orc warriors
  3 human skeletons
  An ice beast (D:7)
  13 ogres
  2 wolves (Lair:5)
  A boggart (shapeshifter) (Vaults:5)
  4 boggarts
  A lemure (D:7)
  9 centaurs
  3 phantoms
  3 kobold brigands
  A cyclops zombie (Crypt:3)
  12 bullfrogs
  A yaktaur skeleton (Crypt:3)
  4 necrophages
  2 earth elementals (Elf:1)
  3 scorpions
  A glowing shapeshifter simulacrum (Depths:3)
  2 gnoll sergeants
  9 water moccasin zombies (Ossuary)
  A warg zombie (Crypt:3)
  4 small abominations
  15 killer bees
  A raiju zombie (Crypt:3)
  The ghost of Lucash the Grasshopper, a weakling HuWr (D:3)
  An electric eel (Lair:1)
  A yak skeleton (Crypt:3)
  6 howler monkeys
  3 lava snakes
  2 hounds
  Crazy Yiuf (D:7)
  20 orc priests
  A gnoll bouda (D:9)
  2 jellies
  A scorpion zombie (Crypt:1)
  2 sleepcaps
  4 iguanas
  29 orc wizards
  6 hell rats (Lair:3)
  A boggart skeleton (D:15)
  A tengu zombie (Crypt:2)
  A boggart simulacrum (D:15)
  2 mummies (Ossuary)
  21 adders
  15 gnolls
  8 river rats (Lair:3)
  A steam dragon skeleton (Crypt:3)
  3 white imps
  2 ufetubi
  6 adder zombies (Ossuary)
  A worm zombie (Crypt:2)
  A worm (D:5)
  2 dart slugs
  70 orcs
  11 ball pythons
  2 bats
  3 endoplasms
  7 giant cockroaches
  4 gnoll zombies (Ossuary)
  7 goblins
  4 hobgoblins
  25 kobolds
  10 quokkas
  A giant cockroach zombie (Crypt:2)
  A gnoll skeleton (Crypt:2)
  4 hobgoblin zombies (Ossuary)
  A jackal skeleton (Crypt:2)
  3 kobold zombies (Ossuary)
  4 orc zombies (Ossuary)
  20 rats
2529 creatures vanquished.

Vanquished Creatures (collateral kills)
  A demonspawn corrupter (WizLab)
  A hydra (Swamp:4)
  2 redbacks (D:9)
4 creatures vanquished.

Vanquished Creatures (others)
  A deep elf annihilator (Elf:3)
  A ragged hierophant (Desolation)
  3 deep elf knights
  A bog body (Crypt:2)
  A deep elf archer (Elf:3)
  A deep elf pyromancer (Elf:3)
  4 bloated husks (Swamp:3)
  A small abomination (Abyss:2)
  A chaos spawn (Zot:5)
  A naga (Snake:4)
  An orc warrior (Elf:1)
  An orc (Orc:1)
  A ball python (Depths:1)
  A foxfire (Swamp:3)
19 creatures vanquished.

Grand Total: 2552 creatures vanquished

Notes
Turn   | Place    | Note
-------+----------+-------------------------------------------
     0 | D:1      | Crehl the Minotaur Berserker began the quest for the Orb.
     0 | D:1      | Reached XP level 1. HP: 19/19 MP: 0/0
   402 | D:1      | Reached XP level 2. HP: 27/27 MP: 1/1
   560 | D:2      | Found a faded altar of an unknown god.
   756 | D:2      | Reached skill level 3 in Armour
   756 | D:2      | Reached XP level 3. HP: 30/33 MP: 2/2
  1061 | D:2      | Reached ** piety under Trog
  1161 | D:2      | Found Lonwum's Antique Armour Emporium.
  1491 | D:3      | Reached XP level 4. HP: 40/40 MP: 3/3
  1661 | D:3      | Found a white marble altar of Elyvilon.
  1732 | D:3      | Noticed Grinder
  1734 | D:3      | Paralysed by Grinder for 5 turns
  1777 | D:3      | Killed Grinder
  1778 | D:3      | Reached skill level 5 in Fighting
  1778 | D:3      | Reached skill level 5 in Maces & Flails
  1778 | D:3      | Reached skill level 4 in Armour
  1778 | D:3      | Reached XP level 5. HP: 48/48 MP: 4/4
  1778 | D:3      | Reached XP level 6. HP: 56/56 MP: 5/5
  1984 | D:3      | Found a basalt altar of Yredelemnul.
  2006 | D:3      | Found a runed translucent gate.
  2006 | D:3      | Found a runed translucent gate.
  2006 | D:3      | Found a runed translucent gate.
  2006 | D:3      | Noticed Lucash's ghost (weakling HuWr)
  2332 | D:4      | Found an iron altar of Okawaru.
  2338 | D:4      | Found an ornate altar of the Wu Jian Council.
  2340 | D:4      | Found a broken altar of Ashenzari.
  2345 | D:4      | Found a glowing golden altar of the Shining One.
  2350 | D:4      | Found a hazy altar of Hepliaklqana.
  2571 | D:4      | Reached skill level 5 in Armour
  2571 | D:4      | Reached XP level 7. HP: 58/62 MP: 6/6
  2577 | D:4      | Found a burning altar of Makhleb.
  2601 | D:4      | Found a sand-covered staircase.
  2608 | Ossuary  | Entered an ossuary
  2697 | Ossuary  | Reached skill level 5 in Dodging
  2820 | Ossuary  | Reached skill level 6 in Armour
  2820 | Ossuary  | Reached XP level 8. HP: 67/71 MP: 7/7
  3232 | D:4      | Found an opulent altar of Gozag.
  3309 | D:4      | Found a shimmering blue altar of Sif Muna.
  3501 | D:5      | Entered Level 5 of the Dungeon
  3681 | D:5      | Reached *** piety under Trog
  4382 | D:5      | Reached skill level 7 in Armour
  4838 | D:6      | Reached XP level 9. HP: 81/81 MP: 8/8
  5075 | D:6      | Reached **** piety under Trog
  5381 | D:6      | Reached skill level 8 in Armour
  5459 | D:7      | Found a hide-covered altar of Uskayaw.
  5459 | D:7      | Noticed a +0 spear
  5459 | D:7      | Noticed a +0 dagger
  5459 | D:7      | Noticed a +0 short sword
  5460 | D:7      | Noticed a +0 short sword
  5460 | D:7      | Noticed a +0 spear
  5462 | D:7      | Noticed a +0 dagger
  5462 | D:7      | Noticed a +0 falchion
  5463 | D:7      | Noticed a +0 falchion
  5550 | D:7      | Found a runed translucent door.
  5551 | D:7      | Noticed Crazy Yiuf
  5665 | D:7      | Found a staircase to the Ecumenical Temple.
  6015 | D:7      | Noticed Pikel
  6055 | D:7      | Killed Pikel
  6583 | D:8      | Reached skill level 10 in Maces & Flails
  6587 | D:8      | Reached XP level 10. HP: 91/91 MP: 9/9
  6713 | D:8      | Reached skill level 1 in Shields
  6757 | D:8      | Found a sparkling altar of Nemelex Xobeh.
  7064 | D:8      | Found a sacrificial altar of Ru.
  7260 | D:8      | Reached skill level 9 in Armour
  7432 | D:9      | Noticed Psyche
  7472 | D:9      | Found a staircase to the Lair.
  7481 | D:9      | Noticed Erolcha
  7562 | D:9      | Found a runed translucent door.
  7764 | D:9      | Found Jor Kuoh's Serpentskin Sales.
  7835 | D:9      | Found a snail-covered altar of Cheibriados.
  7895 | D:9      | Noticed a two-headed ogre
  8174 | D:10     | Entered Level 10 of the Dungeon
  8174 | D:10     | Noticed Gastronok
  8224 | D:10     | Noticed Zuvvirup's ghost (journeyman GnEE)
  8224 | D:10     | Noticed Madon's ghost (journeyman FoFi)
  8224 | D:10     | Found a runed translucent gate.
  8224 | D:10     | Found a runed translucent gate.
  8224 | D:10     | Found a runed translucent gate.
  8227 | D:10     | Noticed Quickbrownfox's ghost (novice DsCj)
  8230 | D:10     | Noticed ripuliukko's ghost (journeyman GrEE)
  8268 | D:10     | Noticed Josephine
  8282 | D:9      | Killed Josephine
  8413 | D:9      | Reached skill level 10 in Fighting
  8617 | D:10     | Noticed Urug
  8703 | D:9      | Killed a two-headed ogre
  8704 | D:9      | Reached XP level 11. HP: 85/100 MP: 10/10
  8753 | D:9      | Killed Gastronok
  8754 | D:9      | Reached skill level 10 in Armour
  8851 | D:10     | Found a shimmering altar of Xom.
  8853 | D:10     | Found a shimmering altar of Xom.
  8853 | D:10     | Found a shimmering altar of Xom.
  8854 | D:10     | Found a shimmering altar of Xom.
  8855 | D:10     | Found a shimmering altar of Xom.
  8855 | D:10     | Found a shimmering altar of Xom.
  8855 | D:10     | Found a shimmering altar of Xom.
  9083 | D:10     | Killed Urug
  9084 | D:10     | Reached skill level 5 in Shields
  9211 | D:10     | Noticed a two-headed ogre
  9246 | D:9      | Killed a two-headed ogre
  9481 | D:10     | Found a blossoming altar of Fedhas.
 10009 | D:9      | Found a runed translucent gate.
 10017 | D:9      | Found a runed translucent gate.
 10017 | D:9      | Noticed a boulder beetle
 10123 | D:9      | Found a runed translucent gate.
 10123 | D:9      | Found a runed translucent gate.
 10123 | D:9      | Found a runed translucent gate.
 10123 | D:9      | Noticed a lindwurm
 10125 | D:9      | Found a runed translucent gate.
 10287 | Abyss:2  | Cast into level 2 of the Abyss (Psyche)
 10288 | Abyss:2  | Noticed a starcursed mass
 10288 | Abyss:2  | Noticed a green death
 10292 | D:9      | Escaped the Abyss
 10309 | D:9      | Killed Psyche
 10463 | D:9      | Killed Erolcha
 10534 | Lair:1   | Entered Level 1 of the Lair of Beasts
 10711 | Lair:1   | Reached skill level 10 in Dodging
 10906 | D:9      | Reached XP level 12. HP: 100/110 MP: 11/11
 10928 | D:9      | Reached skill level 11 in Armour
 12264 | Lair:2   | Noticed a five-headed hydra
 12280 | Lair:2   | Killed a five-headed hydra
 12404 | Lair:2   | Noticed a dire elephant
 12565 | Lair:2   | Killed a dire elephant
 12731 | Lair:2   | Found a frozen archway.
 12739 | Lair:1   | Reached skill level 1 in Evocations
 12772 | Lair:2   | Reached skill level 15 in Maces & Flails
 12860 | Lair:2   | Reached skill level 12 in Armour
 12934 | Lair:2   | Reached XP level 13. HP: 106/118 MP: 12/12
 13441 | Lair:2   | Noticed Sonja
 13450 | Lair:2   | Killed Sonja
 13720 | Lair:3   | Found a shadowy altar of Dithmenos.
 13855 | Lair:3   | Reached ***** piety under Trog
 14232 | Lair:3   | Found a staircase to the Snake Pit.
 14656 | Lair:3   | Found a staircase to the Swamp.
 15275 | Lair:4   | Found a snail-covered altar of Cheibriados.
 16002 | Lair:3   | Reached XP level 14. HP: 74/129 MP: 13/13
 16095 | Lair:3   | Reached skill level 13 in Armour
 16656 | Lair:4   | Reached skill level 10 in Shields
 16772 | Lair:5   | Entered Level 5 of the Lair of Beasts
 17089 | Lair:5   | Found a staircase to the Slime Pits.
 17089 | Lair:5   | Found a viscous altar of Jiyva.
 17326 | Lair:4   | Received a gift from Trog
 17490 | Lair:5   | Reached skill level 5 in Evocations
 17844 | Lair:5   | Found a burning altar of Makhleb.
 18370 | Lair:5   | Found a gateway to Hell.
 20748 | D:12     | Found a staircase to the Orcish Mines.
 20929 | D:12     | Reached XP level 15. HP: 132/138 MP: 14/14
 21059 | D:12     | Reached skill level 14 in Armour
 23078 | D:11     | Identified a scroll of acquirement
 23078 | D:11     | Acquired the +7 eveningstar of Instinct {drain, Dex+4}
 23283 | D:2      | Bought a bloodstained chain mail for 247 gold pieces
 23283 | D:2      | Identified the +0 chain mail of Gojem {Rampage *Corrode
                  | Str+3} (You bought it in a shop on level 2 of the Dungeon)
 23284 | D:2      | Bought a runed scale mail for 182 gold pieces
 23284 | D:2      | Bought a runed scale mail for 182 gold pieces
 23421 | Temple   | Entered the Ecumenical Temple
 23553 | Orc:1    | Entered Level 1 of the Orcish Mines
 23555 | Orc:1    | Received a gift from Trog
 23850 | Orc:2    | Entered Level 2 of the Orcish Mines
 23942 | Orc:2    | Found a staircase to the Elven Halls.
 24766 | Orc:2    | Reached ****** piety under Trog
 24766 | Orc:2    | Received a gift from Trog
 24988 | Orc:2    | Found Ciaf's Mayhem Merchandise.
 25072 | Orc:2    | Found Nosouken's Antique Armour Shop.
 25092 | Orc:2    | Found Hiysch's Antique Weapon Shop.
 25108 | Orc:2    | Found Askuow's Book Shop.
 25124 | Orc:2    | Found Efibid Huam's General Store.
 25218 | Orc:2    | Noticed Snorg
 25239 | Orc:2    | Killed Snorg
 25765 | Orc:1    | Noticed Erica
 25777 | Orc:1    | Killed Erica
 25778 | Orc:1    | Found Pahieban's Firing Range.
 25990 | Orc:1    | Reached skill level 15 in Fighting
 26437 | D:13     | Received a gift from Trog
 26896 | D:14     | Reached XP level 16. HP: 136/149 MP: 15/15
 27009 | D:14     | Found a gate to the Vaults.
 27058 | D:14     | Reached skill level 15 in Armour
 27412 | D:14     | Identified the ring of the Ten Ultimatums {rPois Int+3}
 27927 | D:14     | Found Ricen's Weapon Boutique.
 28220 | D:15     | Entered Level 15 of the Dungeon
 28706 | D:15     | Identified the +8 plate armour of the Hanged Man {-Cast
                  | Dex+8 SInv Stlth-}
 28776 | D:15     | Noticed Agnes
 28782 | D:15     | Killed Agnes
 28962 | Abyss:2  | Cast into level 2 of the Abyss (a wizard)
 29190 | Abyss:2  | Gained mutation: You have hidden genetic defects. [a
                  | neqoxec]
 29230 | Abyss:2  | Received a gift from Trog
 29453 | Abyss:2  | Gained mutation: You occasionally lose the ability to read
                  | scrolls when taking damage. [a neqoxec]
 29567 | D:15     | Escaped the Abyss
 29636 | D:15     | Found a staircase to the Depths.
 30376 | Snake:1  | Entered Level 1 of the Snake Pit
 30417 | Snake:1  | Gained mutation: You occasionally lose the ability to drink
                  | potions when taking damage. [hidden defects]
 30507 | Lair:3   | Lost mutation: You have hidden genetic defects. [potion of
                  | mutation]
 30507 | Lair:3   | Lost mutation: You occasionally lose the ability to drink
                  | potions when taking damage. [potion of mutation]
 30507 | Lair:3   | Gained mutation: Your spells are a little harder to cast,
                  | but a little more powerful. [potion of mutation]
 30507 | Lair:3   | Gained mutation: You are robust. (+10% HP) [potion of
                  | mutation]
 30508 | Lair:3   | Lost mutation: Your spells are a little harder to cast, but
                  | a little more powerful. [potion of mutation]
 30508 | Lair:3   | Lost mutation: You are robust. (+10% HP) [potion of
                  | mutation]
 30508 | Lair:3   | Gained mutation: Your spells are a little harder to cast,
                  | but a little more powerful. [potion of mutation]
 30508 | Lair:3   | Gained mutation: You are clumsy. (Dex -2) [potion of
                  | mutation]
 30508 | Lair:3   | Gained mutation: Your magical capacity is low. (-10% MP)
                  | [potion of mutation]
 30508 | Lair:3   | Gained mutation: You expend magic power (3 MP) to
                  | strengthen your wands. [potion of mutation]
 30509 | Lair:3   | Lost mutation: You occasionally lose the ability to read
                  | scrolls when taking damage. [potion of mutation]
 30509 | Lair:3   | Lost mutation: You are clumsy. (Dex -2) [potion of
                  | mutation]
 30509 | Lair:3   | Lost mutation: You expend magic power (3 MP) to strengthen
                  | your wands. [potion of mutation]
 30509 | Lair:3   | Gained mutation: You are robust. (+10% HP) [potion of
                  | mutation]
 30509 | Lair:3   | Gained mutation: You are strong-willed. (Will+) [potion of
                  | mutation]
 30509 | Lair:3   | Gained mutation: You sometimes lose your temper in combat.
                  | [potion of mutation]
 30509 | Lair:3   | Gained mutation: You are partially covered in iridescent
                  | scales. (AC +2) [potion of mutation]
 30510 | Lair:3   | Lost mutation: You sometimes lose your temper in combat.
                  | [potion of mutation]
 30510 | Lair:3   | Lost mutation: Your magical capacity is low. (-10% MP)
                  | [potion of mutation]
 30510 | Lair:3   | Lost mutation: You are partially covered in iridescent
                  | scales. (AC +2) [potion of mutation]
 30510 | Lair:3   | Gained mutation: You are resistant to electric shocks.
                  | (rElec) [potion of mutation]
 30510 | Lair:3   | Gained mutation: Your system is resistant to poisons.
                  | (rPois) [potion of mutation]
 30510 | Lair:3   | Lost mutation: Your system is resistant to poisons. (rPois)
                  | [potion of mutation]
 30510 | Lair:3   | Gained mutation: You passively dampen the noise of your
                  | surroundings. [potion of mutation]
 30790 | Snake:1  | Found Weudes's Mass Market.
 31409 | Snake:1  | Reached XP level 17. HP: 150/173 MP: 16/16
 31871 | Snake:1  | Reached skill level 16 in Armour
 31944 | Snake:1  | Found a stormy altar of Qazlal.
 32619 | Snake:2  | Received a gift from Trog
 32917 | Snake:2  | Reached skill level 15 in Dodging
 33055 | Snake:2  | Noticed Mlioglotl
 33066 | Snake:2  | Killed Mlioglotl
 34492 | Snake:3  | Found the +8 orange crystal plate armour {Archmagi, Int+3
                  | Clar}
 35211 | Snake:3  | Identified the +10 dire flail of Disgust {flame, Str+2
                  | Dex+3} (Trog gifted it to you on level 3 of the Snake Pit)
 35211 | Snake:3  | Received a gift from Trog
 35511 | Swamp:1  | Entered Level 1 of the Swamp
 35939 | Snake:4  | Entered Level 4 of the Snake Pit
 36562 | Snake:4  | Received a gift from Trog
 36765 | Snake:4  | Reached XP level 18. HP: 187/187 MP: 17/17
 36945 | Snake:4  | Reached skill level 10 in Evocations
 37030 | Snake:4  | Reached skill level 17 in Armour
 37240 | Snake:4  | Got a serpentine rune of Zot
 37567 | Snake:4  | Reached skill level 15 in Shields
 38628 | D:3      | Killed Lucash's ghost
 38781 | D:7      | Killed Crazy Yiuf
 38988 | D:9      | Killed Madon's ghost
 38993 | D:9      | Killed Zuvvirup's ghost
 38999 | D:9      | Killed Quickbrownfox's ghost
 38999 | D:9      | Received a gift from Trog
 39069 | D:10     | Killed ripuliukko's ghost
 39200 | Orc:2    | Bought a potion of haste for 110 gold pieces
 39200 | Orc:2    | Bought a condenser vane for 440 gold pieces
 41114 | Swamp:3  | Reached skill level 1 in Throwing
 41167 | Swamp:3  | Noticed a tentacled monstrosity
 41597 | Swamp:2  | Killed a tentacled monstrosity
 42031 | Swamp:4  | Entered Level 4 of the Swamp
 42033 | Swamp:4  | Identified the +8 dire flail of the Fulmar {antimagic,
                  | Will+} (Trog gifted it to you on level 4 of the Swamp)
 42033 | Swamp:4  | Received a gift from Trog
 42175 | Swamp:4  | Found a runed translucent door.
 42830 | Swamp:4  | Reached XP level 19. HP: 195/196 MP: 18/18
 43020 | Swamp:4  | Noticed the 27-headed Lernaean hydra
 43035 | Swamp:4  | Killed the 27-headed Lernaean hydra
 43102 | Swamp:4  | Got a decaying rune of Zot
 43557 | Elf:1    | Entered Level 1 of the Elven Halls
 43617 | Elf:1    | Identified the +2 quarterstaff of Guile {flame, rElec rF+
                  | rCorr Dex+3} (Trog gifted it to you on level 1 of the Elven
                  | Halls)
 43617 | Elf:1    | Received a gift from Trog
 44060 | Elf:1    | Reached skill level 5 in Throwing
 44316 | Elf:1    | Identified the +8 shortbow "Hellblazer" {drain, rCorr SInv}
 44866 | Elf:2    | Found Faemety Ymap's Book Shoppe.
 44916 | Elf:2    | Reached skill level 18 in Armour
 44995 | Elf:2    | Found a huge runed translucent gate.
 44995 | Elf:2    | Found a huge runed translucent gate.
 44999 | Elf:2    | Found a huge runed translucent gate.
 44999 | Elf:2    | Found a huge runed translucent gate.
 45000 | Elf:2    | Found a huge runed translucent gate.
 45039 | Elf:2    | Found a runed translucent gate.
 45039 | Elf:2    | Found a runed translucent gate.
 45039 | Elf:2    | Found a runed translucent gate.
 45250 | Elf:2    | Received a gift from Trog
 45278 | Elf:2    | Paralysed by an air elemental for 1 turns
 45499 | Elf:3    | Entered Level 3 of the Elven Halls
 45499 | Elf:3    | Noticed Louise
 45514 | Elf:2    | Killed Louise
 45726 | Elf:3    | Identified the +7 hand axe "Paul" {heavy, rC+}
 45980 | Elf:3    | Found Liozut's Distillery.
 45988 | Elf:3    | Bought a potion of heal wounds for 95 gold pieces
 46026 | Elf:3    | Identified Roxanne's Octavo of the Syncline
 46026 | Elf:3    | Noticed Roxanne
 46042 | Elf:3    | Killed Roxanne
 46237 | Elf:3    | Identified the +0 scale mail "Fighan" {Harm rC- rCorr
                  | Dex-5}
 46594 | Vaults:1 | Entered Level 1 of the Vaults
 46795 | Vaults:1 | Noticed Zenata
 46820 | Vaults:1 | Killed Zenata
 46918 | Vaults:1 | Found Mearchat's General Store.
 47187 | Vaults:1 | Received a gift from Trog
 47424 | Vaults:1 | Reached XP level 20. HP: 193/207 MP: 19/19
 48507 | Vaults:2 | Found Appoafi's Armour Boutique.
 48533 | Vaults:2 | Found a staircase to the Crypt.
 48969 | Vaults:2 | Received a gift from Trog
 49722 | Vaults:2 | Identified the staff of earth "Puwaija" {rC++ Will+ Stlth+}
 50235 | Vaults:2 | Identified the +5 morningstar "Abaez" {heavy, rC+} (Trog
                  | gifted it to you on level 2 of the Vaults)
 50235 | Vaults:2 | Received a gift from Trog
 50707 | Vaults:3 | Reached skill level 19 in Armour
 50787 | Vaults:3 | Found a crumbling gateway.
 50802 | Desolati | Entered the Desolation of Salt
 51208 | Desolati | Reached skill level 10 in Throwing
 51224 | Desolati | Reached XP level 21. HP: 217/217 MP: 20/20
 51260 | Desolati | Identified the +3 ring mail of Amorality {Fly Int+3 SInv}
 51327 | Desolati | Identified the +4 plate armour of Cuofuoquus {rF+ Str-2
                  | Dex+5}
 51358 | Desolati | Received a gift from Trog
 52035 | Desolati | Received a gift from Trog
 52062 | Desolati | Found the +3 warlock's mirror {omnireflect}
 52245 | Desolati | Identified the staff of earth "Umegg" {rElec Str+6 Dex-5
                  | SInv}
 53515 | Vaults:4 | Noticed Frederick
 53528 | Vaults:3 | Killed Frederick
 53565 | Vaults:4 | Received a gift from Trog
 53669 | Vaults:4 | Noticed Aizul
 53688 | Vaults:4 | Killed Aizul
 53896 | Vaults:4 | Found a magical portal.
 53911 | WizLab   | Entered Alistair's Party Mansion
 54081 | WizLab   | Paralysed by a floating eye for 2 turns
 54190 | WizLab   | Identified the +4 short sword of Mayhem {heavy, Str+3}
                  | (Trog gifted it to you in a wizard's laboratory)
 54190 | WizLab   | Received a gift from Trog
 54302 | WizLab   | Reached XP level 22. HP: 219/229 MP: 21/21
 55325 | Temple   | Acquired the scarf "Plog" {rC+ rF+, Will+}
 56640 | Depths:1 | Entered Level 1 of the Depths
 56653 | Depths:1 | Received a gift from Trog
 56747 | Depths:1 | You are sucked into a shaft and drop 1 floor!
 56814 | Depths:2 | Found Fysuexulu's Changing Room.
 57267 | Depths:1 | Noticed Launloge's ghost (adept TrCK)
 57271 | Depths:1 | Found a runed translucent door.
 57569 | Depths:1 | Reached skill level 20 in Armour
 57919 | Depths:1 | Received a gift from Trog
 58612 | Depths:1 | Killed Launloge's ghost
 58934 | Depths:2 | Found a one-way gate leading to the halls of Pandemonium.
 58966 | Depths:2 | Noticed Asterion
 58981 | Depths:2 | Killed Asterion
 59224 | Depths:2 | Found a radiant altar of Vehumet.
 60147 | Depths:3 | Identified the +0 leather armour "Mepeziff" {rC- Int+9}
 60168 | Depths:3 | Found a one-way gate to the infinite horrors of the Abyss.
 60218 | Depths:3 | Found a portal to a secret trove of treasure.
 60224 | Depths:3 | Noticed Onni's ghost (veteran TrBe)
 60263 | Depths:3 | Noticed a golden dragon
 60279 | Depths:3 | Killed a golden dragon
 60629 | Depths:3 | Received a gift from Trog
 60630 | Depths:3 | Reached XP level 23. HP: 238/238 MP: 22/22
 60820 | Depths:3 | Found a runed translucent gate.
 60820 | Depths:3 | Found a runed translucent gate.
 60821 | Depths:3 | Found a runed translucent gate.
 61160 | Depths:4 | Entered Level 4 of the Depths
 61236 | Depths:4 | Noticed Xtahua
 61368 | Depths:4 | Killed Xtahua
 61869 | Depths:4 | Found a gate to the Realm of Zot.
 62004 | Depths:4 | Noticed Margery
 62012 | Depths:4 | Killed Margery
 62019 | Depths:4 | Received a gift from Trog
 62581 | Depths:4 | Identified the +9 hand axe of Division {freeze, Dex+3}
 62581 | Depths:4 | Identified the +0 robe of Gajoacux {rCorr Archmagi}
 62581 | Depths:4 | Identified the ring "Sony" {rN++ rCorr Int-4}
 62727 | Depths:4 | Noticed a juggernaut
 62741 | Depths:4 | Killed a juggernaut
 62807 | Depths:4 | Found a one-way gateway to a ziggurat.
 62843 | Depths:4 | Found a bloodstained altar of Trog.
 64082 | Elf:3    | Received a gift from Trog
 64208 | Elf:3    | Reached skill level 21 in Armour
 64361 | Elf:3    | Identified the ring of the Augurer {rC++ rN+ AC+4}
 64363 | Elf:3    | Identified the +0 robe of Fallacy {Dex+3}
 64518 | Elf:3    | Identified the ring "Reomeadda" {Fly rC- MP+9 Int+3 SInv}
 64570 | Elf:3    | Identified the +5 scimitar of Jofutiraa {freeze, Str+3}
 64570 | Elf:3    | Identified the amulet "Tayraofe" {Reflect rC+ Will+ SH+5}
 65197 | Crypt:1  | Entered Level 1 of the Crypt
 65533 | Crypt:1  | Received a gift from Trog
 65994 | Crypt:1  | Reached XP level 24. HP: 246/248 MP: 22/22
 66154 | Crypt:2  | Found a runed translucent door.
 66155 | Crypt:2  | Noticed Xenat's ghost (veteran MiGl)
 66484 | Crypt:2  | Received a gift from Trog
 66853 | Crypt:3  | Entered Level 3 of the Crypt
 67178 | Crypt:3  | Found a staircase to the Tomb.
 67227 | Crypt:3  | Identified the +1 shortbow "Pium" {flame, Str+2}
 68051 | Crypt:3  | Received a gift from Trog
 68645 | Crypt:3  | Noticed Jory
 68667 | Crypt:3  | Killed Jory
 68765 | Crypt:3  | Identified the staff of air "Sytedghe" {rElec Int+2 SInv}
 68787 | Crypt:3  | Identified the +5 long sword "Leosung" {protect, rElec
                  | rPois rC+ Stlth+}
 69094 | Temple   | Acquired a manual of Armour
 69096 | Temple   | Acquired 947 gold pieces
 69097 | Temple   | Acquired the +0 pair of boots "Boedomaw" {rC+ rN+ Int+3
                  | SInv}
 69410 | Vaults:5 | Entered Level 5 of the Vaults
 69677 | Vaults:4 | Reached skill level 15 in Evocations
 69994 | Vaults:5 | Identified the +6 lajatang of the Nexus {antimagic, rPois
                  | rC+ SInv} (Trog gifted it to you on level 5 of the Vaults)
 69994 | Vaults:5 | Received a gift from Trog
 69997 | Vaults:5 | Reached skill level 22 in Armour
 70013 | Vaults:5 | Identified the staff of fire "Huotaclu" {rF+ rCorr Int+4}
 70015 | Vaults:5 | Noticed a dread lich
 70034 | Vaults:5 | Killed a dread lich
 70036 | Vaults:5 | Identified the +2 mace "Coawni" {heavy, rN+}
 70044 | Vaults:5 | Noticed Sojobo
 70061 | Vaults:5 | Killed Sojobo
 70270 | Vaults:5 | Identified the +12 dagger of Mourning {holy, rN+ Str+3}
 70301 | Vaults:5 | Identified the +1 scale mail "Osmetaq" {rN+++ Will++ MP-9
                  | Str-2}
 70476 | Vaults:5 | Reached skill level 15 in Throwing
 70478 | Vaults:5 | Reached XP level 25. HP: 231/261 MP: 22/22
 70518 | Vaults:5 | Received a gift from Trog
 70695 | Vaults:5 | Paralysed by a floating eye for 2 turns
 70707 | Vaults:5 | Noticed an ancient lich
 70723 | Vaults:5 | Killed an ancient lich
 70791 | Vaults:5 | Identified the +12 broad axe "Kodgh" {venom, rPois rC+
                  | Will++}
 71304 | Vaults:5 | Identified the staff of earth "Kitwycw" {rF+ Will- rCorr
                  | Str+3}
 71314 | Vaults:5 | Identified the +2 mace "Fojuthre" {chaos, rN+ Int+3}
 71317 | Vaults:5 | Got a silver rune of Zot
 71416 | Vaults:5 | Identified the +7 mace of Chagrin {elec, *Rage rC- rN++
                  | Str+8}
 71562 | Vaults:5 | Found Hulaav's Distillery.
 71575 | Vaults:5 | Noticed Bai Suzhen
 71605 | Vaults:5 | Killed Bai Suzhen
 71605 | Vaults:5 | Received a gift from Trog
 71669 | Vaults:5 | Found Raleh's Magic Scroll Shoppe.
 71681 | Vaults:5 | Reached skill level 23 in Armour
 71692 | Vaults:5 | Noticed a juggernaut
 71696 | Vaults:5 | a juggernaut changed into an iron dragon
 71774 | Vaults:5 | Bought a potion of haste for 170 gold pieces
 71774 | Vaults:5 | Bought a potion of heal wounds for 85 gold pieces
 71774 | Vaults:5 | Bought a potion of cancellation for 136 gold pieces
 71774 | Vaults:5 | Bought a potion of heal wounds for 85 gold pieces
 72082 | Vaults:5 | Acquired a manual of Evocations
 72439 | Elf:2    | Reached skill level 1 in Axes
 72538 | Elf:2    | Found a runed translucent gate.
 72538 | Elf:2    | Found a runed translucent gate.
 72540 | Elf:2    | Found a runed translucent gate.
 72547 | Elf:2    | Noticed Henri's ghost (adept GrFi)
 72966 | Depths:3 | Killed Onni's ghost
 72974 | Depths:3 | Received a gift from Trog
 73190 | Depths:3 | Got the ring "Saenir" {Fire Str+4 Stlth+}
 73635 | Vaults:1 | Bought 4 silver javelins for 720 gold pieces
 73823 | Orc:1    | Bought 6 silver javelins for 648 gold pieces
 73871 | Orc:2    | Bought a potion of might for 44 gold pieces
 74397 | Zot:1    | Entered Level 1 of the Realm of Zot
 74555 | Zot:1    | Reached skill level 5 in Axes
 75232 | Zot:1    | Noticed Beuseq's ghost (master GnFi)
 75240 | Zot:1    | Identified the +0 cloak of Whack-A-Mole {rC+ Int+4}
 75241 | Zot:1    | Found a transporter.
 75241 | Zot:1    | Identified the +2 cloak of Dithmenos's Supremacy {rPois
                  | rCorr Int+5 Dex-5}
 75255 | Zot:1    | Found a transporter.
 75260 | Zot:1    | Found a bloodstained altar of Trog.
 75291 | Zot:1    | Lost mutation: You are resistant to electric shocks.
                  | (rElec) [mutagenic glow]
 75305 | Zot:1    | Reached skill level 24 in Armour
 75308 | Zot:1    | Gained mutation: You are partially covered in iridescent
                  | scales. (AC +2) [mutagenic glow]
 75309 | Zot:1    | Reached XP level 26. HP: 261/275 MP: 7/22
 76745 | Zot:3    | Received a gift from Trog
 77624 | Zot:3    | Reached skill level 10 in Axes
 77904 | Zot:3    | Found a runed translucent door.
 77905 | Zot:3    | Noticed Jofris Vesimp's ghost (legendary GnFE)
 79070 | Zot:4    | Reached skill level 25 in Armour
 80323 | Zot:5    | Entered Level 5 of the Realm of Zot
 80945 | Zot:5    | Identified the +7 war axe "Hell-Harrower" {heavy, +Blink
                  | rF+ Str+4} (Trog gifted it to you on level 5 of the Realm
                  | of Zot)
 80945 | Zot:5    | Received a gift from Trog
 81552 | Zot:5    | Noticed a dread lich
 81576 | Zot:5    | Killed a dread lich
 81616 | Zot:5    | Noticed an orb of fire
 81630 | Zot:5    | Killed an orb of fire
 81650 | Zot:5    | Noticed an orb of fire
 81650 | Zot:5    | Gained mutation: Your mind is acute. (Int +4, Str/Dex -1)
                  | [an orb of fire]
 81678 | Zot:5    | Killed an orb of fire
 81694 | Zot:5    | Noticed an orb of fire
 81706 | Zot:5    | Lost mutation: Your mind is acute. (Int +4, Str/Dex -1) [an
                  | orb of fire]
 81710 | Zot:5    | Noticed an orb of fire
 81754 | Zot:5    | Gained mutation: Your magical capacity is low. (-10% MP)
                  | [an orb of fire]
 81769 | Zot:5    | Gained mutation: You are mostly covered in iridescent
                  | scales. (AC +4) [an orb of fire]
 81770 | Zot:5    | Killed an orb of fire
 81771 | Zot:5    | Reached XP level 27. HP: 192/287 MP: 6/19
 81775 | Zot:5    | Gained mutation: Your body sometimes deteriorates upon
                  | taking damage. [an orb of fire]
 81785 | Zot:5    | Killed an orb of fire
 82141 | Zot:5    | Noticed an ancient lich
 82172 | Zot:5    | Killed an ancient lich
 82198 | Zot:5    | Noticed an orb of fire
 82199 | Zot:5    | Gained mutation: You have hidden genetic defects. [an orb
                  | of fire]
 82217 | Zot:5    | Killed an orb of fire
 82228 | Zot:5    | Noticed an orb of fire
 82232 | Zot:5    | Gained mutation: You are weak. (Str -2) [an orb of fire]
 82248 | Zot:5    | Killed an orb of fire
 82250 | Zot:5    | Noticed an orb of fire
 82325 | Zot:5    | Killed an orb of fire
 82346 | Zot:5    | Noticed an orb of fire
 82349 | Zot:5    | Gained mutation: You are very weak. (Str -4) [an orb of
                  | fire]
 82369 | Zot:5    | Gained mutation: You are vulnerable to cold. (rC-) [an orb
                  | of fire]
 82372 | Zot:5    | Killed an orb of fire
 82463 | Zot:5    | Noticed an orb of fire
 82463 | Zot:5    | Noticed an ancient lich
 82476 | Zot:5    | Killed an ancient lich
 82490 | Zot:5    | Gained mutation: Your body often deteriorates upon taking
                  | damage. [an orb of fire]
 82503 | Zot:5    | Gained mutation: Armour fits poorly on your strangely
                  | shaped body. [an orb of fire]
 82504 | Zot:5    | Killed an orb of fire
 82505 | Zot:5    | Reached skill level 26 in Armour
 82640 | Zot:5    | Gained mutation: You are very vulnerable to cold. (rC--)
                  | [hidden defects]
 82690 | Zot:4    | Lost mutation: You have hidden genetic defects. [potion of
                  | mutation]
 82690 | Zot:4    | Lost mutation: You are very vulnerable to cold. (rC--)
                  | [potion of mutation]
 82690 | Zot:4    | Lost mutation: Your spells are a little harder to cast, but
                  | a little more powerful. [potion of mutation]
 82691 | Zot:4    | Lost mutation: Your body often deteriorates upon taking
                  | damage. [potion of mutation]
 82691 | Zot:4    | Lost mutation: You are very weak. (Str -4) [potion of
                  | mutation]
 82691 | Zot:4    | Lost mutation: You are weak. (Str -2) [potion of mutation]
 82692 | Zot:4    | Lost mutation: You are strong-willed. (Will+) [potion of
                  | mutation]
 82692 | Zot:4    | Lost mutation: You are mostly covered in iridescent scales.
                  | (AC +4) [potion of mutation]
 82692 | Zot:4    | Gained mutation: You passively map a small area around you.
                  | [potion of mutation]
 82692 | Zot:4    | Lost mutation: You passively map a small area around you.
                  | [potion of mutation]
 82693 | Zot:4    | Lost mutation: Your magical capacity is low. (-10% MP)
                  | [potion of mutation]
 82693 | Zot:4    | Lost mutation: Your body sometimes deteriorates upon taking
                  | damage. [potion of mutation]
 82694 | Zot:4    | Lost mutation: You passively dampen the noise of your
                  | surroundings. [potion of mutation]
 82694 | Zot:4    | Lost mutation: You are robust. (+10% HP) [potion of
                  | mutation]
 82695 | Zot:4    | Lost mutation: Armour fits poorly on your strangely shaped
                  | body. [potion of mutation]
 82695 | Zot:4    | Lost mutation: You are partially covered in iridescent
                  | scales. (AC +2) [potion of mutation]
 82695 | Zot:4    | Gained mutation: You are dopey. (Int -2) [potion of
                  | mutation]
 82695 | Zot:4    | Lost mutation: You are dopey. (Int -2) [potion of mutation]
 83155 | Zot:5    | Got the Orb of Zot
 83425 | Depths:2 | Noticed a seraph
 83568 | D:10     | Noticed Bayhemem the pandemonium lord
 83602 | D:9      | Noticed a seraph
 83738 | D:$      | Escaped with the Orb!

Illustrated notes

Levels and vault maps discovered:
D:1:      dpeg_arrival_tiny_k, layout_basic, chequers_serial_rivers_small_3
D:2:      layout_loops_ring, serial_shops, nicolae_shop_back_alley_shop,
          hellmonk_ecumenical_altar_arch_garden
D:3:      minmay_thinvault, layout_basic, kennysheep_ying_yang,
          gammafunk_ghost_nasty_kobolds, uniq_grinder
D:4:      layout_basic, kennysheep_orc_sif_temple,
          nicolae_overflow_hallway_of_the_gods,
          mainiacjoe_overflow_large_starburst, chequers_ossuary_entry_cave,
          serial_curves, eino_curves_04, eino_curves_03, eino_curves_02
D:5:      layout_gridville
D:6:      layout_cave_pools, serial_glass, glass_columns_c, glass_columns_a,
          glass_columns_a, grunt_ministairs_5
D:7:      layout_basic, nicolae_uskayaw_en_pointe,
          minmay_temple_entry_stoned_glass, uniq_crazy_yiuf_cottage, uniq_pikel
D:8:      layout_rooms, nicolae_ru_path_of_blood, nemelex_spade_bored_becter
D:9:      gammafunk_indiana_jones, layout_irregular_city,
          kennysheep_slug_shrine, lair_entry_dummy, guppyfry_shop_venom,
          uniq_psyche, uniq_erolcha
D:10:     layout_cave_pools, overflow_temple_1_default, xom_shifter_show,
          gammafunk_ghost_cemetery, uniq_josephine, uniq_urug, uniq_gastronok
D:11:     hangedman_cross_cluster, layout_irregular_city
D:12:     minmay_imperfect_grid, layout_irregular_city, david_orc_4
D:13:     layout_rooms
D:14:     nicolae_aperiodic_l_corner, layout_rooms, erik_vaults_1, serial_shops,
          nicolae_shop_bloodbath_and_beyond, kennysheep_donut
D:15:     grunt_enter_depths_magical_seal, layout_loops_corners,
          serial_park_gazebo [serial_park_minivault_5x5_5], uniq_agnes
Temple:   hellmonk_temple_micro_hex
Lair:1:   layout_gridlike, st_stairs_3, nicolae_quartered_pool_medium,
          serial_bayou_shore_b
Lair:2:   mu_elephants_graveyard, layout_chaotic_city,
          portal_ice_cave_entry_ice_simulacra, serial_bayou_shore_b, uniq_sonja
Lair:3:   lemuel_ratsnest, layout_gridlike, swamp_mist,
          minmay_snake_entry_guardpost_large, basic_altar, grunt_megastairs_5,
          serial_bayou_shore_b, lemuel_fruit_tree
Lair:4:   layout_long_grid, kennysheep_snail_temple, serial_bayou_shore_b,
          serial_bayou_shore_a, grunt_megastairs_2
Lair:5:   evil_forest, layout_regular_city, slime_entry_1, lemuel_fruit_fields
Swamp:1:  layout_falls_marsh, nicolae_swamp_trees_clearing,
          statue_in_the_mist_lemuel
Swamp:2:  layout_basic_swamp, nicolae_swamp_tree_isthmus
Swamp:3:  layout_basic_swamp, hangedman_swamp_lotus, swamp_pool4,
          roderic_carrion_pond
Swamp:4:  swamp_old_school, layout_basic_swamp, nzn_swamp_weyward_sisters,
          infiniplex_staircase_pool
Snake:1:  layout_gridlike, basic_altar, grunt_ministairs_6, minmay_shop_mass,
          nicolae_snake_salamander_jacuzzi
Snake:2:  layout_grid_maze, uniq_mlioglotl
Snake:3:  layout_layer_cave
Snake:4:  snake_pit, layout_cave_town
Orc:1:    layout_caves, basic_altar, nicolae_shop_firing_range, uniq_erica
Orc:2:    grunt_orc_cross, layout_diamond_mine, minmay_shop_mayhem,
          lemuel_statue_altar, uniq_snorg
Elf:1:    layout_gridlike, kennysheep_underground_church, feat_on_display
Elf:2:    elven_hall_of_blades_hangedman_alternative [nicolae_blade_tridents],
          layout_onion_city, ploomutoo_gammafunk_ghost_potion_laboratory,
          serial_shops, nicolae_shop_hallway_plus
Elf:3:    minmay_elf_hall_x, layout_geoelf_grid, serial_shops, shop,
          st_stairs_9, serial_sigils_hangedman_gut, nicolae_elf_m_pinch,
          minmay_fountain_box, uniq_roxanne, uniq_louise
Vaults:1: ontoclasm_vaults_gallery, v_misc_26, hangedman_vaults_variations,
          nicolae_vaults_trapezoid_lopsided_3, vaults_room_pool,
          nicolae_vaults_octothorpe, nicolae_vaults_little_squares_2,
          nicolae_vaults_mini_display_case, hangedman_vaults_stream,
          v_alt_pattern_5, vaults_mumra_minichess_inversion, v_misc_8,
          layout_vaults_ring, serial_shops, shop, uniq_zenata
Vaults:2: nicolae_vaults_shipping_containers_2, ontoclasm_vaults_spin,
          minmay_crypt_entry_simple_statues, hangedman_vaults_unwind,
          ontoclasm_vaults_decontamination, v_misc_24, v_misc_14,
          hangedman_vaults_slice, nicolae_vaults_tetromino_L_2, v_misc_23,
          layout_vaults_big_room, serial_shops, nicolae_shop_hallway_plus
Vaults:3: portal_desolation_entry_ruin, ontoclasm_vaults_ring_small,
          nicolae_vaults_stand_back, nicolae_vaults_diamond_1,
          nicolae_vaults_specimen_jars, v_misc_11, dpeg_vaults_monster_box,
          v_misc_27, layout_vaults_quadrants
Vaults:4: mu_enter_wizlab_4, ontoclasm_vaults_pinch, ontoclasm_vaults_ligature,
          ontoclasm_vaults_eye, vaults_standard_mumra_lines,
          nicolae_vaults_storage_room_water, ontoclasm_vaults_ring_large,
          nicolae_vaults_prndl, v_misc_26, v_pattern_4,
          hangedman_vaults_corner_blocks, vaults_room_stairs_pillars,
          nicolae_vaults_surprise_closet_hard,
          nicolae_vaults_offset_grid_hallway_3, hangedman_vaults_river_flow,
          vaults_room_boxed, nicolae_vaults_circle_grid_a, layout_vaults_maze,
          uniq_frederick, uniq_aizul
Vaults:5: uniq_sojobo, uniq_bai_suzhen
Crypt:1:  layout_misc_corridors, grunt_crypt_arrival_split
Crypt:2:  layout_rooms, gammafunk_ghost_grave
Crypt:3:  due_elkab, layout_chaotic_city, wad_floor_pattern_untrapped
Depths:1: layout_cross, hell_entry, hellmonk_ghost_happy_afterlife,
          nicolae_kite_square_tiling_tiny, minivault_11, minmay_serpent_palace
Depths:2: grunt_bruiser_brothers, layout_cave_shapes, hell_entry,
          fiery_altar_vehumet, rand_demon_pan_entry_8,
          nicolae_transmutations_shop, uniq_asterion
Depths:3: wad_pebble_path, layout_gridlike, gammafunk_ghost_icy,
          minmay_misc_feat_nine_boxes, nicolae_trove_entry_isolated,
          minmay_room_of_horrors, hell_entry, minmay_misc_feat_rugged
Depths:4: grunt_zot_entry_gee_three, layout_honeycomb, enter_ziggurat_e,
          grunt_mini_vestibule, bloody_trog, evilmike_butchery, uniq_margery,
          uniq_xtahua
Zot:1:    layout_misc_corridors, gammafunk_ghost_wrathful_warriors,
          grunt_ministairs_1, zot_minivault_3
Zot:2:    layout_basic
Zot:3:    layout_onion_interference, ebering_ghost_reflecting_pool,
          lemuel_elevator
Zot:4:    layout_concentric_octagons
Zot:5:    layout_basic

Skill      XL: |  1  2  3  4  5  6  7  8  9 10 11 12 13 14 15 16 17 18 19 20 21 22 23 24 25 26 27 |
---------------+----------------------------------------------------------------------------------+-----
Maces & Flails | 4 5 6 7 10 11 13 15 16 17 18 19 20 21 22 23 24 | 24.4
Fighting       | 4 5 6 7 9 10 11 12 13 14 15 16 17 18 19 20 21 22 23 24 | 24.4
Armour         | 3 4 5 6 7 8 9 10 12 13 14 15 16 17 18 19 20 21 22 24 25 26 | 26.0
Dodging        | 3 4 5 6 7 8 10 11 12 13 14 15 16 17 18 19 20 | 20.8
Shields        | 4 6 8 9 11 12 13 14 15 16 17 18 19 20 21 22 23 | 23.0
Evocations     | 1 4 5 7 8 9 10 11 12 13 14 15 16 18 | 18.9
Throwing       | 3 7 10 12 13 14 15 | 15.4
Axes           | 7 13 14 | 14.8

Action                     |  1- 3 |  4- 6 |  7- 9 | 10-12 | 13-15 | 16-18 | 19-21 | 22-24 | 25-27 || total
---------------------------+-------+-------+-------+-------+-------+-------+-------+-------+-------++-------
  Melee: Mace              |    66 |   100 |   159 |       |       |       |       |       |       ||   325
         Headbutt          |     5 |    15 |    74 |   197 |   438 |   424 |   572 |   875 |   822 ||  3422
         Punch             |       |       |     5 |       |       |       |       |       |       ||     5
         Whip              |       |       |   188 |   753 |   608 |       |       |       |       ||  1549
         Flail             |       |       |   113 |    22 |   258 |       |       |       |       ||   393
         Dire flail        |       |       |       |       |   363 |       |       |       |       ||   363
         Eveningstar       |       |       |       |       |   373 |  1496 |  1888 |  2443 |    55 ||  6255
         Demon whip        |       |       |       |       |       |       |       |       |  2107 ||  2107
         Broad axe         |       |       |       |       |       |       |       |       |    23 ||    23
  Throw: Dart              |       |       |       |    31 |       |       |       |       |       ||    31
         Javelin           |       |       |       |       |       |       |       |       |     2 ||     2
 Invoke: Berserk           |     2 |     1 |     6 |     3 |     1 |       |       |       |       ||    13
         Trog's Hand       |       |     3 |     7 |    13 |     9 |     6 |    14 |    10 |    18 ||    80
         Brothers in Arms  |       |       |       |     1 |       |     1 |     1 |       |       ||     3
  Evoke: Wand              |       |     2 |       |    12 |     3 |     1 |       |       |       ||    18
         Box of beasts     |       |       |       |       |       |       |       |     1 |       ||     1
         Condenser vane    |       |       |       |       |       |       |       |     1 |       ||     1
    Use: Scroll            |     1 |     3 |     3 |     7 |    13 |     8 |     7 |     9 |    14 ||    65
         Potion            |       |     2 |     5 |     4 |     1 |     8 |     3 |     6 |    26 ||    55
   Stab: Paralysed         |       |     2 |       |       |       |       |       |       |       ||     2
         Sleeping          |       |       |     1 |       |       |       |       |       |       ||     1
         Distracted        |       |       |       |       |     1 |       |     1 |     1 |       ||     3
         Confused          |       |       |       |       |       |     2 |       |       |       ||     2
         Invisible         |       |       |       |       |       |       |     4 |       |       ||     4
 Armour: Animal skin       |     3 |       |       |       |       |       |       |       |       ||     3
         Leather armour    |    10 |    24 |    92 |    54 |       |       |       |       |       ||   180
         Scale mail        |       |       |       |   120 |   318 |       |       |       |       ||   438
         Plate armour      |       |       |       |       |    61 |   170 |       |       |       ||   231
         Crystal plate arm |       |       |       |       |       |   263 |   515 |   548 |   374 ||  1700
  Dodge: Dodged            |    34 |    62 |   269 |   345 |   621 |   435 |   372 |   508 |   427 ||  3073
  Block: Buckler           |       |       |     9 |   134 |   458 |   354 |       |       |       ||   955
         Reflection        |       |       |       |       |    32 |   114 |   154 |    82 |    32 ||   414
         Kite shield       |       |       |       |       |       |   387 |       |       |       ||   387
         Tower shield      |       |       |       |       |       |   408 |  1960 |  2656 |  1788 ||  6812
